 Dungeon Crawl Stone Soup version 0.25.1-2-g60ff931df9 (webtiles) character file.

Game seed: 10336430604334244613

2494 lorenzova the Thaumaturge (level 9, -1/45 HPs)
             Began as a Deep Elf Conjurer on Aug 24, 2020.
             Was a Follower of Vehumet.
             Shot with an arrow by a centaur (8 damage)
             ... on level 6 of the Dungeon.
             The game lasted 00:25:53 (8982 turns).

lorenzova the Thaumaturge (Deep Elf Conjurer)       Turns: 8982, Time: 00:25:54

Health: -1/45      AC:  4    Str:  5    XL:     9   Next: 28%
Magic:  19/25      EV: 13    Int: 24    God:    Vehumet [*.....]
Gold:   281        SH:  0    Dex: 15    Spells: 18/29 levels left

rFire    . . .     SeeInvis .   A - staff of wizardry
rCold    . . .     Gourm    .   (no shield)
rNeg     . . .     Faith    .   a - +0 robe
rPois    +         Spirit   .   (no helmet)
rElec    .         Reflect  .   D - +0 cloak
rCorr    .         Harm     .   (no gloves)
MR       .....                  B - +0 pair of boots
Stlth    ++........             C - amulet of magic regeneration
HPRegen  0.15/turn              d - ring of poison resistance
MPRegen  0.44/turn              (no ring)

@: no status effects
A: no striking features
a: Renounce Religion


You were on level 6 of the Dungeon.
You worshipped Vehumet.
Vehumet was aware of your devotion.
You were not hungry.

You visited 2 branches of the dungeon, and saw 7 of its levels.

You collected 281 gold pieces.

Inventory:

Hand Weapons
 b - a +0 short sword
 p - a cursed -3 dagger
 u - the +5 dagger of Pesegy {freeze, rF- Int+7}
   (You found it on level 4 of the Dungeon)

   It has been specially enchanted to freeze those struck by it, causing extra
   injury to most foes and up to half again as much damage against particularly
   susceptible opponents.
   It can also slow down cold-blooded creatures.
   It affects your intelligence (+7).
   It makes you vulnerable to fire.
Armour
 a - a +0 robe (worn)
 B - a +0 pair of boots (worn)
 D - a +0 cloak (worn)
Magical Staves
 A - an uncursed staff of wizardry (weapon)
Jewellery
 d - a ring of poison resistance (left hand)
 y - an uncursed ring of ice
 C - an amulet of magic regeneration (around neck)
Wands
 z - a wand of random effects (15)
Scrolls
 g - a scroll of random uselessness {unknown}
 h - 2 scrolls of enchant armour {unknown}
 i - 2 scrolls of amnesia
 k - a scroll of immolation {unknown}
 l - 2 scrolls of fog
 m - 2 scrolls of magic mapping
 n - 2 scrolls of remove curse {unknown}
 o - 2 scrolls of noise {unknown}
 s - a scroll of teleportation {unknown}
 v - a scroll of enchant weapon {unknown}
Potions
 f - 2 potions of berserk rage {unknown}
 j - a potion of stabbing {unknown}
 q - a potion of flight {unknown}
 r - a potion of ambrosia {unknown}
 t - a potion of mutation {unknown}
 w - a potion of might {unknown}
 x - a potion of curing {unknown}
Comestibles
 c - 14 rations


   Skills:
 - Level 2.4 Dodging
 - Level 2.4 Stealth
 + Level 10.8 Spellcasting
 + Level 9.9 Conjurations
 + Level 6.7 Hexes


You had 18 spell levels left.
You knew the following spells:

 Your Spells              Type           Power        Failure   Level  Hunger
a - Magic Dart            Conj           ####         1%          1    None
b - Searing Ray           Conj           ######       1%          2    None
c - Iskenderun's Mystic   Conj/Tloc      #####...     2%          4    None
d - Fulminant Prism       Conj/Hex       ######....   1%          4    None

Your spell library contained the following spells:

 Spells                   Type           Power        Failure   Level  Hunger
 Sandblast                Erth           ##....       1%          1    None
 Dazzling Flash           Conj/Hex       ######       1%          3    None


Dungeon Overview and Level Annotations

Branches:
Dungeon (6/15)             Temple (1/1) D:6

Altars:
Ashenzari
Dithmenos
Elyvilon
Fedhas
Gozag
Hepliaklqana
Kikubaaqudgha
Makhleb
Nemelex Xobeh
Okawaru
Qazlal
Ru
Sif Muna
Trog
Uskayaw
Vehumet
Wu Jian
Xom
Yredelemnul
Zin
The Shining One

Shops:
D:5 [


Message History

The centaur shoots an arrow.
The arrow hits your fulminant prism.
Your fulminant prism detonates feebly.
Casting: Fulminant Prism (dangerous; 1% risk of failure)
Confirm with . or Enter, or press ? or * to list all spells.
Okay, then.
Okay, then.
As you read the scroll labeled YLEXZIPEUT, it crumbles to dust.
The scroll dissolves into smoke.
It was a scroll of fog.
The centaur shoots an arrow.
The arrow closely misses you.
Casting: Fulminant Prism (dangerous; 1% risk of failure)
Confirm with . or Enter, or press ? or * to list all spells.
Aiming: Fulminant Prism (dangerous; 1% risk of failure)
Press: ? - help, Dir - move target cursor You conjure a prism of explosive energy!
A fulminant prism comes into view.
The centaur shoots an arrow.
The arrow hits your fulminant prism!
The centaur shoots an arrow.
The arrow hits your fulminant prism!
Your fulminant prism detonates feebly.
The centaur shoots an arrow.
The arrow hits you!
You die...

.
###.#######(##(...).........###
#.# #......§§§§§..........# #
###.###.##.§§§§§§...........# #
...........§§§§§.##########.###
###.###.##§§§§§.§..............
#..§.)§..c..######......#
####.§§.((#§######......#
##.###.#.##...#......#
####'#.@....'...#......#
#........#..#...#......#
#........##.#...#......#
#........##.#...#......#
#.......................
#....#.8.#...#######'###
###.......#..# #.....##
#..8.>.8#..# #.....##
#.......##.####.....##


You could see a centaur.

Vanquished Creatures
  A steam dragon (D:5)
  A necrophage (D:5)
  5 orc warriors (D:6)
  2 ogres
  An ice beast (D:6)
  A centaur (D:6)
  A bullfrog (D:6)
  5 wights (D:4)
  2 crimson imps (D:5)
  A bullfrog zombie (D:6)
  2 jellies
  A gnoll shaman (D:6)
  7 orc wizards
  A centaur skeleton (D:5)
  5 orc priests
  5 hounds
  Ijyb (D:4)
  3 worker ants (D:6)
  2 hound skeletons (D:5)
  8 gnolls (D:6)
  A howler monkey skeleton (D:4)
  14 adders
  2 shadow imps (D:6)
  An ooze (D:4)
  An adder zombie (D:5)
  An adder skeleton (D:4)
  3 worms
  A dart slug (D:4)
  A leopard gecko (D:3)
  26 orcs
  5 giant cockroaches
  8 goblins
  12 hobgoblins
  6 jackals
  7 quokkas
  2 ball pythons
  A ball python skeleton (D:4)
  6 bats
  6 frilled lizards
  A jackal zombie (D:6)
  7 kobolds
  A leopard gecko skeleton (D:5)
  7 rats
175 creatures vanquished.

Vanquished Creatures (others)
  25 fulminant prisms (D:6)
25 creatures vanquished.

Grand Total: 200 creatures vanquished

Notes
Turn   | Place    | Note
-------+----------+-------------------------------------------
     0 | D:1      | lorenzova the Deep Elf Conjurer began the quest for the
                  | Orb.
     0 | D:1      | Reached XP level 1. HP: 10/10 MP: 6/6
   259 | D:1      | Reached XP level 2. HP: 15/15 MP: 5/8
   929 | D:1      | Reached skill level 4 in Spellcasting
  1133 | D:2      | Reached skill level 5 in Conjurations
  1133 | D:2      | Reached XP level 3. HP: 19/19 MP: 3/10
  1194 | D:2      | Learned a level 2 spell: Searing Ray
  1828 | D:2      | Reached XP level 4. HP: 24/24 MP: 8/12
  2052 | D:2      | Reached skill level 5 in Spellcasting
  2774 | D:3      | Reached XP level 5. HP: 28/28 MP: 10/15
  2941 | D:3      | Found a burning altar of Makhleb.
  3026 | D:3      | Reached skill level 6 in Spellcasting
  3826 | D:4      | Reached XP level 6. HP: 32/32 MP: 11/17
  3874 | D:3      | Learned a level 4 spell: Fulminant Prism
  3891 | D:4      | Got a transparent dagger
  3912 | D:4      | Identified the +5 dagger of Pesegy {freeze, rF- Int+7} (You
                  | found it on level 4 of the Dungeon)
  4484 | D:4      | Found an opulent altar of Gozag.
  4749 | D:4      | Noticed Ijyb
  4766 | D:4      | Killed Ijyb
  4967 | D:4      | Reached skill level 7 in Spellcasting
  5001 | D:4      | Reached XP level 7. HP: 36/36 MP: 1/20
  5583 | D:4      | Found a glowing silver altar of Zin.
  5675 | D:5      | Entered Level 5 of the Dungeon
  5888 | D:5      | Found an ornate altar of the Wu Jian Council.
  5930 | D:5      | Reached skill level 8 in Spellcasting
  6077 | D:5      | Found Cevagu's Antique Armour Shoppe.
  6288 | D:5      | Reached skill level 1 in Hexes
  6732 | D:5      | Reached XP level 8. HP: 41/41 MP: 19/22
  6781 | D:5      | Reached skill level 9 in Spellcasting
  6887 | D:5      | Found a bloodstained altar of Trog.
  7182 | D:6      | Found a staircase to the Ecumenical Temple.
  7187 | Temple   | Entered the Ecumenical Temple
  7345 | D:6      | Found a radiant altar of Vehumet.
  7348 | D:6      | Became a worshipper of Vehumet
  7466 | D:6      | Learned a level 4 spell: Iskenderun's Mystic Blast
  7478 | D:6      | Found a shadowy altar of Dithmenos.
  7720 | D:6      | Reached skill level 10 in Spellcasting
  7720 | D:6      | Reached skill level 5 in Hexes
  8055 | D:6      | Reached * piety under Vehumet
  8055 | D:6      | Offered knowledge of Sandblast by Vehumet.
  8086 | D:5      | Reached XP level 9. HP: 16/45 MP: 1/25
  8982 | D:6      | Shot with an arrow by a centaur

Illustrated notes

Levels and vault maps discovered:
D:1:      shiori_arrival_maze, layout_loops_ring, minmay_small_reverse_x
D:2:      layout_loops_ring, kennysheep_generic_room_11
D:3:      layout_loops_ring, makhleb_heckhound_becter, dk_vineyard_1,
          kennysheep_path_1, minivault_11
D:4:      layout_cave_pods, marbit_many_paths, grunt_gozag_breadcrumbs,
          uniq_ijyb
D:5:      layout_loops_ring, kennysheep_little_box,
          lemuel_coloured_pillars_altar, first_ration, serial_shops,
          nicolae_shop_overgrown_old_shop
D:6:      layout_basic, kennysheep_mini, minmay_temple_entry_statues_pillars,
          nicolae_dithmenos_through_a_glass_darkly
Temple:   regret_index_temple_waves

Skill      XL: |  1  2  3  4  5  6  7  8  9 |
---------------+----------------------------+-----
Spellcasting   | 4 5 6 7 8 10 | 10.8
Conjurations   | 5 6 7 8 9 |  9.9
Hexes          | 2 5 6 |  6.7
Dodging        | |  2.4
Stealth        | |  2.4

Action                   |  1- 3 |  4- 6 |  7- 9 || total
-------------------------+-------+-------+-------++-------
Melee: Short sword       |       |     4 |       ||     4
 Cast: Magic Dart        |    85 |   124 |   154 ||   363
       Searing Ray       |     1 |     8 |    19 ||    28
       Fulminant Prism   |       |       |    25 ||    25
       Iskenderun's Myst |       |       |     6 ||     6
  Use: Scroll            |       |     2 |     3 ||     5
 Stab: Sleeping          |       |     1 |       ||     1
  Eat: Chunk             |     3 |     9 |     9 ||    21
       Ration            |       |       |     1 ||     1
Armor: Robe              |     4 |     4 |     4 ||    12
Dodge: Dodged            |    12 |    13 |    28 ||    53
